 Dungeon Crawl Stone Soup version 0.17-a0-1923-gc35365e (webtiles) character file.

27611 graki42 the Destroyer (level 13, -3/72 HPs)
             Began as a Demonspawn Conjurer on Sept 28, 2015.
             Was a High Priest of Vehumet.
             Killed from afar by Josephine (20 damage)
             ... with a ghostly fireball
             ... on level 5 of the Lair of Beasts.
             The game lasted 02:03:27 (19071 turns).

graki42 the Destroyer (Demonspawn Conjurer)        Turns: 19071, Time: 02:03:27

Health: -3/72      AC: 13    Str: 13    XL:     13   Next: 5%
Magic:  1/38       EV: 16    Int: 28    God:    Vehumet [*****.]
Gold:   1279       SH:  0    Dex: 13    Spells: 9 memorised, 4 levels left

rFire  + . .     SeeInvis .     o - +1 mace of Hiesud Hyorr {speed, rF+ Str+3}
rCold  . . .     Clarity  .     z - +2 robe {MR+}
rNeg   . . .     SustAt   +     (no shield)
rPois  .         Gourm    .     (helmet restricted)
rElec  .         Spirit   .     F - +4 cloak of the Princess {MR- Int+7}
rCorr  .         Warding  .     i - +0 pair of gloves
rMut   .         Stasis   .     p - +2 pair of boots {run}
MR     .....                    (no amulet)
Stlth  +++.......               t - ring of sustain attributes
                                C - ring of magical power

@: quick, not resistant to hostile enchantments, fairly stealthy
A: horns 2, deterioration 1, frail 2, foul stench 2, powered by death 2,
screaming 3, rot immunity
a: Renounce Religion


You were on level 5 of the Lair of Beasts.
You worshipped Vehumet.
Vehumet was extremely pleased with you.
You were not hungry.

You visited 3 branches of the dungeon, and saw 17 of its levels.
You also visited: Sewer and Volcano.

You collected 1279 gold pieces.

Inventory:

Hand weapons
 o - the +1 mace of Hiesud Hyorr (weapon) {speed, rF+ Str+3}
   (You found it on level 4 of the Dungeon)

   Attacks with this weapon are significantly faster.
   It affects your strength (+3).
   It protects you from fire.
 y - a +3 hand axe of flaming
Missiles
 n - 2 throwing nets (quivered)
Armour
 b - a +2 robe of fire resistance
 i - a +0 pair of gloves (worn)
 p - a +2 pair of boots of running (worn)
 q - a +2 helmet of see invisible
 z - a +2 robe of magic resistance (worn)
 F - the +4 cloak of the Princess (worn) {MR- Int+7}
   (You found it on level 8 of the Dungeon)

   It affects your intelligence (+7).
   It affects your resistance to hostile enchantments.
Jewellery
 c - an uncursed ring of protection from magic
 t - a ring of sustain attributes (right hand)
 C - a ring of magical power (left hand)
 Q - an uncursed ring of protection from magic
 U - an uncursed ring of positive energy
Magical devices
 m - a wand of paralysis (13)
 O - a wand of polymorph (5)
Scrolls
 e - 2 scrolls of magic mapping
 f - 3 scrolls of identify
 j - 2 scrolls of blinking
 k - a scroll of recharging
 l - a scroll of teleportation
 B - 2 scrolls of amnesia
 G - 2 scrolls of fog
 J - 3 scrolls of remove curse
Potions
 a - a potion of berserk rage {unknown}
 d - 9 potions of curing
 h - 6 potions of heal wounds
 s - 3 potions of brilliance
 w - 2 potions of haste
 x - 2 potions of might
 A - 2 potions of agility {unknown}
 D - 3 potions of flight
 L - a potion of cancellation {unknown}
Books
 r - a book of Unlife

   Spells                             Type                      Level
   a - Recall                         Summoning/Translocation      3
   b - Animate Dead                   Necromancy                   4
   c - Control Undead                 Necromancy                   4
   d - Cigotuvi's Embrace             Necromancy                   5
   e - Death Channel                  Necromancy                   6
   f - Simulacrum                     Ice/Necromancy               6
 v - a book of Callings

   Spells                             Type                      Level
   a - Summon Small Mammal            Summoning                    1
   b - Call Imp                       Summoning                    2
   c - Call Canine Familiar           Summoning                    3
   d - Summon Guardian Golem          Hexes/Summoning              3
   e - Summon Lightning Spire         Summoning/Air                4
   f - Summon Ice Beast               Ice/Summoning                4
Comestibles
 g - 10 meat rations
 u - a slice of pizza
 E - a bread ration
 H - 2 fruits


   Skills:
 + Level 4.9 Fighting
 + Level 3.1 Maces & Flails
 + Level 7.8 Dodging
 + Level 5.0 Stealth
 + Level 12.0 Spellcasting
 + Level 12.5 Conjurations
 + Level 4.1 Hexes
 + Level 0.3 Transmutations
 + Level 2.2 Fire Magic
 + Level 4.8 Earth Magic
 + Level 0.2 Evocations


You had 4 spell levels left.
You knew the following spells:

 Your Spells              Type           Power        Failure   Level  Hunger
a - Magic Dart            Conj           ####         1%          1    None
b - Iskenderun's Battles  Conj/Chrm      ######..     2%          5    ###....
c - Dazzling Spray        Conj/Hex       ######..     1%          3    None
d - Iskenderun's Mystic   Conj           ######..     1%          4    None
e - Conjure Flame         Conj/Fire      ######..     1%          3    None
f - Fulminant Prism       Conj/Hex       ######....   1%          4    None
g - Stone Arrow           Conj/Erth      ######       1%          3    None
h - Petrify               Trmt/Erth      ####....     12%         4    None
i - Lee's Rapid Deconstr  Erth           #####.....   4%          5    ###....


Dungeon Overview and Level Annotations

Branches:
Dungeon (11/15)            Temple (1/1) D:4            Lair (5/8) D:11
 Spider (0/4) Lair:3          Orc (0/4) D:9
  Swamp: Lair:3-6    Shoals: Lair:3-6

Altars:
Ashenzari
Cheibriados
Elyvilon
Makhleb
Nemelex Xobeh
Okawaru
Qazlal
Ru
Sif Muna
Trog
Vehumet
Xom
Yredelemnul
Zin
The Shining One

Shops:
D:6 [   D:8 *

Annotations:
Lair:5 Josephine


Innate Abilities, Weirdness & Mutations

You have a pair of horns on your head.
You frequently emit foul miasma when damaged in melee.
You regenerate health from kills.
You are immune to rotting.
Your body sometimes deteriorates upon taking damage.
You are very frail (-20% HP).
You frequently scream uncontrollably at your foes.


Message History

Casting: Iskenderun's Mystic Blast
Confirm with . or Enter, or press ? or * to list all spells.
Aiming: Stone Arrow
Press: ? - help, Shift-Dir - straight line, f/p - Josephine
Aim: Josephine, wielding a dagger of venom and wearing a robe (heavily wounded)
The stone arrow hits Josephine.
Josephine is severely wounded.
Josephine points at you and mumbles some strange words.
The ghostly flame explodes!
The ghostly fireball engulfs you!
* * * LOW HITPOINT WARNING * * *
Casting: Stone Arrow
Confirm with . or Enter, or press ? or * to list all spells.
Aiming: Stone Arrow
Press: ? - help, Shift-Dir - straight line, f/p - Josephine
Aim: Josephine, wielding a dagger of venom and wearing a robe (severely wounded)
The stone arrow hits Josephine.
Josephine is almost dead.
Josephine gestures at you while chanting.
The ghostly flame explodes!
The ghostly fireball engulfs you!
You die...

.....##....P#......### #........#
...[......###.....'..###.........
.....#...###......#.....+...P.#..
.........####......#####.......#.
.......#..# #...P.## #.#.+######
.....P#.### ###..## ####...P#
.....P### ###.## #.....# ......##
#.#'##########.#+P#
....>..######...@..#PP##P.....###
......###..##......+..........#..
.......###.@'.......#(.......l...
......##...##......#...#......+..
<......#...##........###.......#.
......#...P#........## ##.......#
......'....##......## #......###
......##..###......#* #P##.#.#
##[...#..## #..P###.# ##*#####


You could see Josephine.

Vanquished Creatures
  2 hydras
  Nergalle (Lair:4)
  A hill giant (D:10)
  2 ugly things (D:11)
  4 lindwurms
  A black mamba (Lair:1)
  Joseph (D:8)
  A molten gargoyle (Volcano)
  A toenail golem (Volcano)
  2 gargoyles (Volcano)
  5 spiny frogs
  5 komodo dragons
  A fire drake (Lair:5)
  A two-headed ogre (D:11)
  A troll (D:9)
  Prince Ribbit (D:8)
  13 blink frogs
  3 wraiths (Lair:5)
  A human (D:7)
  A wyvern (D:10)
  12 yaks
  3 basilisks
  A steam dragon (Lair:5)
  6 hippogriffs
  4 fire elementals (Volcano)
  Menkaure (D:7)
  A hog (D:7)
  Edmund (D:6)
  A soldier ant (D:11)
  10 porcupines
  9 water moccasins
  Duvessa (D:6)
  8 orc warriors
  A necrophage (D:11)
  7 ice beasts
  4 sky beasts
  6 centaurs
  7 ogres
  7 crocodiles
  4 big kobolds
  11 giant frogs
  Dowan (D:6)
  A wyvern skeleton (D:10)
  6 scorpions
  An electric eel (Lair:1)
  5 wights (D:9)
  12 killer bees
  A quasit (D:11)
  2 giant frog zombies
  A centaur zombie (D:8)
  8 iguanas
  A centaur skeleton (D:7)
  4 crimson imps
  3 gnoll shamans (D:7)
  3 hounds
  3 jellies
  2 giant frog skeletons
  8 orc priests
  9 orc wizards
  12 worker ants
  A killer bee zombie (D:5)
  7 sheep
  2 hound zombies
  A hound skeleton (D:9)
  A worker ant zombie (D:5)
  11 adders
  11 gnolls (D:7)
  33 river rats
  4 shadow imps
  2 oozes
  An adder skeleton (D:5)
  6 worms
  3 giant geckos
  48 orcs
  6 ball pythons
  8 giant cockroaches
  7 goblins
  5 hobgoblins
  11 jackals
  4 quokkas
  18 bats
  A giant gecko zombie (D:6)
  7 giant newts
  2 jackal skeletons
  12 kobolds
  A quokka skeleton (D:9)
  9 rats
  2 fire vortices (Volcano)
  A fungus (Lair:2)
  2 plants (Lair:2)
463 creatures vanquished.

Vanquished Creatures (others)
  A hound skeleton (D:10)
  An orc (D:10)
  A jackal (D:10)
  A fire vortex (Volcano)
  5 fulminant prisms
  20 fungi
  7 plants
36 creatures vanquished.

Grand Total: 499 creatures vanquished

Notes
Turn   | Place    | Note
--------------------------------------------------------------
     0 | D:1      | graki42 the Demonspawn Conjurer began the quest for the Orb.
     0 | D:1      | Reached XP level 1. HP: 13/13 MP: 3/3
   598 | D:1      | Gained mutation: You are immune to rotting. [demonic ancestry]
   598 | D:1      | Reached XP level 2. HP: 19/19 MP: 1/5
   670 | D:1      | Learned a level 2 spell: Searing Ray
  1223 | D:2      | Reached XP level 3. HP: 24/24 MP: 1/6
  1783 | D:2      | Gained mutation: You regenerate a little health from kills. [demonic ancestry]
  1783 | D:2      | Reached XP level 4. HP: 23/30 MP: 0/8
  2054 | D:2      | Learned a level 3 spell: Dazzling Spray
  2282 | D:3      | Reached skill level 5 in Conjurations
  2526 | D:3      | Gained mutation: You regenerate health from kills. [demonic ancestry]
  2526 | D:3      | Reached XP level 5. HP: 36/36 MP: 5/10
  2870 | D:4      | Found a glowing drain.
  2874 | Sewer    | Entered a sewer
  2977 | Sewer    | Identified a +1 pair of boots of running (You found it in a sewer)
  3123 | Sewer    | Gained mutation: You have a pair of small horns on your head. [demonic ancestry]
  3123 | Sewer    | Reached XP level 6. HP: 32/42 MP: 0/11
  3206 | D:4      | Got a polished mace
  3224 | D:4      | Reached skill level 1 in Fighting
  3330 | D:4      | Found a staircase to the Ecumenical Temple.
  3340 | Temple   | Entered the Ecumenical Temple
  3371 | Temple   | Became a worshipper of Vehumet
  3417 | D:5      | Entered Level 5 of the Dungeon
  3545 | D:4      | Reached skill level 1 in Maces & Flails
  3913 | D:4      | Found an iron altar of Okawaru.
  3934 | D:4      | Noticed an ogre
  3940 | D:4      | Killed an ogre
  3940 | D:4      | Gained mutation: You may emit foul miasma when damaged in melee. [demonic ancestry]
  3940 | D:4      | Reached XP level 7. HP: 50/50 MP: 8/13
  4246 | D:4      | Acquired Vehumet's first power
  4246 | D:4      | Offered knowledge of Freeze by Vehumet.
  4252 | D:4      | Learned a level 4 spell: Iskenderun's Mystic Blast
  4422 | D:5      | Reached skill level 6 in Conjurations
  5031 | D:5      | Gained mutation: You have a pair of horns on your head. [demonic ancestry]
  5031 | D:5      | Reached XP level 8. HP: 36/57 MP: 11/15
  5273 | D:6      | Reached skill level 5 in Spellcasting
  5491 | D:6      | Identified the +1 mace of Hiesud Hyorr {speed, rF+ Str+3} (You found it on level 4 of the Dungeon)
  5520 | D:6      | Noticed Edmund
  5532 | D:6      | Killed Edmund
  5532 | D:6      | Reached skill level 7 in Conjurations
  5891 | D:6      | Offered knowledge of Throw Frost by Vehumet.
  6038 | D:6      | Noticed Duvessa
  6038 | D:6      | Noticed Dowan
  6052 | D:6      | Killed Duvessa
  6052 | D:6      | Reached skill level 5 in Dodging
  6052 | D:6      | Killed Dowan
  6299 | D:6      | Found Imuesk's Antique Armour Shoppe.
  6431 | D:7      | Reached skill level 1 in Hexes
  6431 | D:7      | Gained mutation: You frequently emit foul miasma when damaged in melee. [demonic ancestry]
  6431 | D:7      | Reached XP level 9. HP: 64/64 MP: 18/18
  6674 | D:7      | Reached skill level 8 in Conjurations
  6796 | D:7      | Noticed Menkaure
  6803 | D:7      | Killed Menkaure
  6878 | D:7      | Found a sacrificial altar of Ru.
  7173 | D:7      | Offered knowledge of Conjure Flame by Vehumet.
  7188 | D:7      | Reached skill level 9 in Conjurations
  7299 | D:7      | Learned a level 3 spell: Conjure Flame
  7304 | D:7      | Learned a level 4 spell: Fulminant Prism
  7330 | D:7      | Acquired Vehumet's second power
  7467 | D:7      | Reached XP level 10. HP: 57/70 MP: 20/21
  7528 | D:7      | Gained mutation: You are frail (-10% HP). [potion of mutation]
  7528 | D:7      | Gained mutation: You are very frail (-20% HP). [potion of mutation]
  7528 | D:7      | Gained mutation: You have supernaturally acute eyesight. [potion of mutation]
  7998 | D:8      | Found Jetwar's Assorted Antiques.
  8059 | D:8      | Learned a level 3 spell: Stone Arrow
  8260 | D:8      | Offered knowledge of Static Discharge by Vehumet.
  8301 | D:8      | Reached skill level 1 in Earth Magic
  8306 | D:8      | Got a translucent cloak
  8314 | D:8      | Identified the +4 cloak of the Princess {MR- Int+7} (You found it on level 8 of the Dungeon)
  8346 | D:8      | Noticed Joseph
  8409 | D:8      | Killed Joseph
  8704 | D:8      | Reached skill level 1 in Fire Magic
  8705 | D:8      | Noticed Prince Ribbit
  8707 | D:8      | Killed Prince Ribbit
  9120 | D:9      | Acquired Vehumet's third power
  9245 | D:9      | Offered knowledge of Venom Bolt by Vehumet.
  9426 | D:9      | Gained mutation: You occasionally shout uncontrollably at your foes. [mutagenic meat]
  9427 | D:9      | Lost mutation: You occasionally shout uncontrollably at your foes. [mutagenic meat]
  9428 | D:9      | Gained mutation: You occasionally shout uncontrollably at your foes. [mutagenic meat]
  9429 | D:9      | Gained mutation: You sometimes yell uncontrollably at your foes. [mutagenic meat]
  9430 | D:9      | Gained mutation: You are clumsy. (Dex -2) [mutagenic meat]
  9463 | D:9      | Found a staircase to the Orcish Mines.
  9784 | D:9      | Reached skill level 10 in Conjurations
 10008 | D:10     | Entered Level 10 of the Dungeon
 10093 | D:10     | Noticed an unseen horror
 10359 | D:10     | Noticed a hill giant
 10367 | D:10     | Killed a hill giant
 10367 | D:10     | Reached XP level 11. HP: 61/61 MP: 11/24
 10499 | D:10     | Offered knowledge of Spellforged Servitor by Vehumet.
 10683 | D:10     | Lost mutation: You have supernaturally acute eyesight. [potion of mutation]
 10683 | D:10     | Gained mutation: You frequently scream uncontrollably at your foes. [potion of mutation]
 10683 | D:10     | Lost mutation: You are clumsy. (Dex -2) [potion of mutation]
 11707 | D:11     | Gained mutation: Your body sometimes deteriorates upon taking damage. [mutagenic meat]
 11718 | D:11     | Found a staircase to the Lair.
 12038 | D:11     | Found a glowing golden altar of the Shining One.
 12254 | Lair:1   | Entered Level 1 of the Lair of Beasts
 12608 | Lair:1   | Reached skill level 10 in Spellcasting
 12640 | Lair:1   | Reached skill level 11 in Conjurations
 13837 | Lair:2   | Reached XP level 12. HP: 57/67 MP: 4/26
 13892 | Lair:2   | Offered knowledge of Irradiate by Vehumet.
 14921 | Lair:3   | Found a shimmering altar of Xom.
 15000 | Lair:2   | Identified a scroll of acquirement
 15317 | Lair:2   | Learned a level 4 spell: Petrify
 15323 | Lair:2   | Learned a level 5 spell: Lee's Rapid Deconstruction
 15336 | Lair:2   | Learned a level 5 spell: Iskenderun's Battlesphere
 15432 | Lair:3   | Found a hole to the Spider Nest.
 16568 | Lair:4   | Noticed a four-headed hydra
 16574 | Lair:4   | Killed a four-headed hydra
 16641 | Lair:4   | Noticed Nergalle
 16648 | Lair:4   | Killed Nergalle
 17189 | Lair:4   | Reached skill level 12 in Conjurations
 17683 | Lair:5   | Found a dark tunnel.
 17692 | Volcano  | Entered a volcano
 17815 | Volcano  | Reached skill level 5 in Stealth
 18571 | Lair:5   | Noticed a five-headed hydra
 18579 | Lair:5   | Killed a five-headed hydra
 18762 | Lair:5   | Reached XP level 13. HP: 72/72 MP: 28/28
 18770 | Lair:5   | Noticed Josephine
 19071 | Lair:5   | Killed from afar by Josephine

Vault maps used:
D:1:      evilmike_arrival_hilbert_curve
D:2:      amethyst_killhole
D:3:      serial_curves, eino_curves_03, eino_curves_03
D:4:      old_forge, minmay_temple_entry_statues_fountains,
          gup_sewer_entry_bowl, first_bread, okawaru_ov_weapons_minmay
D:6:      serial_shops, shop, uniq_edmund, uniq_duvessa
D:7:      kennysheep_seaside_town, kennysheep_little_box, grunt_livestock,
          uniq_menkaure
D:8:      serial_shops, nicolae_shop_overgrown_old_shop, uniq_prince_ribbit1,
          uniq_joseph
D:9:      orc_0_dummy
D:10:     lemuel_flamethrower_2
D:11:     lair_0_dummy, st_stairs_9, hangedman_decor_riveting, tso_altar
Temple:   grunt_wide_crystal_templ_18
Lair:1:   serial_bayou_crossing, infiniplex_staircase_pool_2,
          serial_bayou_shore_b
Lair:3:   nicolae_spider_entry_non_spiders, basic_altar, minivault_19,
          eino_small_chamber_without_monster, minmay_lindwurm_lava
Lair:4:   uniq_nergalle
Lair:5:   nicolae_volcano_entry_lava_flow, lemuel_fruit_fields, uniq_josephine
Sewer:    kennysheep_pipe_town
Volcano:  volcano_aerie

Action                   |  1- 3 |  4- 6 |  7- 9 | 10-12 | 13-15 || total
-------------------------+-------+-------+-------+-------+-------++-------
Melee: Unarmed           |    20 |       |       |       |       ||    20
       Club              |    21 |    54 |    21 |       |       ||    96
       Mace              |       |       |    22 |   144 |     3 ||   169
 Cast: Magic Dart        |    66 |   110 |   152 |   101 |       ||   429
       Searing Ray       |     4 |    10 |    37 |     5 |       ||    56
       Dazzling Spray    |       |     7 |    21 |    19 |       ||    47
       Iskenderun's Myst |       |       |    20 |   292 |    22 ||   334
       Stone Arrow       |       |       |       |   149 |     5 ||   154
       Fulminant Prism   |       |       |       |     5 |       ||     5
       Lee's Rapid Decon |       |       |       |     3 |       ||     3
       Petrify           |       |       |       |     2 |       ||     2
       Iskenderun's Batt |       |       |       |     1 |       ||     1
Evoke: Wand              |       |       |       |       |     2 ||     2
  Use: Scroll            |       |    10 |     5 |    20 |     2 ||    37
       Potion            |       |       |       |     3 |     1 ||     4
  Eat: Chunk             |     3 |     8 |    14 |    36 |       ||    61
       Fruit             |       |       |       |     2 |       ||     2
       Bread ration      |       |       |       |     2 |       ||     2
